 Dungeon Crawl Stone Soup version 0.27.1-33-g824d729ab1 (webtiles) character file.

Game seed: 2964618970183092255

4799 LLlMATKO the Fighter (level 10, -3/92 HPs)
             Began as a Minotaur Berserker on Dec 29, 2021.
             Was an Elder of Trog.
             Engulfed by a steam dragon's steam (4 damage)
             ... on level 7 of the Dungeon.
             The game lasted 00:08:45 (6861 turns).

LLlMATKO the Fighter (Minotaur Berserker)           Turns: 6861, Time: 00:08:46

Health: -3/92      AC: 11    Str: 22    XL:     10   Next: 24%
Magic:  9/9        EV: 28    Int:  4    God:    Trog [****..]
Gold:   206        SH:  0    Dex: 13    Spells: 9/9 levels left

rFire    . . .     SeeInvis .   u - +9 mace of Fimbulwinter {flame, rPois}
rCold    . . .     Faith    .   (no shield)
rNeg     . . .     Spirit   .   m - +0 scale mail
rPois    +         Reflect  .   (helmet restricted)
rElec    .         Harm     .   t - +0 cloak
rCorr    .         Rampage  .   (no gloves)
Will     .....                  G - +0 pair of boots
Stlth    ..........             s - amulet of the acrobat
HPRegen  0.25/turn              (no ring)
MPRegen  0.11/turn              (no ring)

@: on berserk cooldown, acrobatic, slowed, very slow
A: horns 2, retaliatory headbutt
a: Renounce Religion, Berserk, Trog's Hand, Brothers in Arms


You were on level 7 of the Dungeon.
You worshipped Trog.
Trog was greatly pleased with you.
You visited 1 branch of the dungeon, and saw 7 of its levels.

You collected 206 gold pieces.

Inventory:

Hand Weapons
 r - a +0 flail
 u - the +9 mace of Fimbulwinter (weapon) {flame, rPois}
   (You found it on level 4 of the Dungeon)

   It burns those it strikes, dealing additional fire damage.
   rPois:     It protects you from poison.
Missiles
 c - 125 stones (quivered)
 g - 44 bolts
 y - 5 boomerangs
 B - 7 atropa-tipped darts
 E - 8 poisoned darts
Armour
 m - a +0 scale mail (worn)
 t - a +0 cloak (worn)
 G - a +0 pair of boots (worn)
Jewellery
 i - a ring of resist corrosion
 p - an amulet of regeneration
 q - a +6 ring of strength
 s - an amulet of the acrobat (around neck)
Wands
 w - a wand of mindburst (13)
 F - a wand of flame (13)
Scrolls
 a - 3 scrolls of magic mapping {unknown}
 b - a scroll of brand weapon {unknown}
 e - 5 scrolls of identify {unknown}
 f - 2 scrolls of acquirement {unknown}
 j - 2 scrolls of immolation {unknown}
 l - a scroll of amnesia {unknown}
 v - 2 scrolls of teleportation {unknown}
 x - 2 scrolls of vulnerability {unknown}
 z - 2 scrolls of enchant armour {unknown}
 A - a scroll of blinking {unknown}
 C - a scroll of enchant weapon {unknown}
 D - a scroll of noise {unknown}
Potions
 d - a potion of attraction {unknown}
 h - 2 potions of curing {unknown}
 k - 2 potions of heal wounds {unknown}
 n - a potion of degeneration {unknown}
 o - 2 potions of lignification {unknown}


   Skills:
 + Level 9.7 Fighting
 + Level 9.7 Maces & Flails
 + Level 9.4 Armour
 + Level 8.6 Dodging


You had 9 spell levels left.
You didn't know any spells.
Your spell library was empty.

Dungeon Overview and Level Annotations

Branches:
Dungeon (7/15)             Temple (0/1) D:5

Altars:
Cheibriados
Gozag
Hepliaklqana
Okawaru
Sif Muna
Uskayaw
Vehumet
Xom

Shops:
D:6 [


Innate Abilities, Weirdness & Mutations

You have a pair of horns on your head.
You reflexively headbutt those who attack you in melee.


Message History

Trog accepts your kill.
The ogre hits you with a +0 giant spiked club!
* * * LOW HITPOINT WARNING * * *
You closely miss the ogre. The ogre barely misses you.
You thump the ogre! You burn the ogre.
The ogre is moderately wounded.
The ogre closely misses you.
You sock the ogre! You burn the ogre.
You kill the ogre!
Trog accepts your kill.
You sock the steam dragon! You burn the steam dragon.
The steam dragon is heavily wounded.
The steam dragon bites you but does no damage.
The steam dragon barely misses you.
You hit the steam dragon. You burn the steam dragon.
The steam dragon is heavily wounded.
The steam dragon bites you.
* * * LOW HITPOINT WARNING * * *
The steam dragon claws you.
* * * LOW HITPOINT WARNING * * *
Your scale mail prevents you from hitting the steam dragon.
The steam dragon is heavily wounded.
The steam dragon closely misses you.
The steam dragon claws you but does no damage.
The steam dragon breathes steam at you. The ball of steam hits you!
* * * LOW HITPOINT WARNING * * *
You hit the steam dragon. You burn the steam dragon.
Your headbutt misses the steam dragon.
The steam dragon is severely wounded.
You are engulfed in a cloud of scalding steam.
* * * LOW HITPOINT WARNING * * *
The steam dragon barely misses you. x2
Unknown command.
The steam dragon breathes steam at you. The ball of steam misses you.
You closely miss the steam dragon. You headbutt the steam dragon.
The steam dragon is almost dead.
You are engulfed in a cloud of scalding steam.
You die...

_.......#..#..♣)....♣.#)#.#......
..#.##....#.#..).♣....#.#....####
..#.##..#..#..♣.....♣.#.#.#..#
..#.##..#♣.♣.♣#.♣♣♣.#.#.#.#..#
........#..♣..#.♣ ♣.#.#.#.#..#
#.#.##..#.♣♣♣.#.♣ ♣.#.#.#.#..####
..#.....#..♣..#.♣ ♣.#.#'#.#..##.#
....##..#♣.♣.♣#.♣♣♣.#♣...♣#......
....##..#♣♣.♣♣#.@...#♣♣.♣♣#..#...
........##### ###D### #####..##.#
..#.#....# #)# #...##..
..#.#.#..# 5Z. #.......
.........# ..≈$. #<..##.#
......#..# #.....# #<..##.#
..##.....# .##(##. #.......
..##..#..#################.......
...........<....................#


You could see a steam dragon (catching breath) and a wyvern skeleton.

Vanquished Creatures
  A centaur warrior (D:7)
  A tengu warrior (D:7)
  A gargoyle (D:6)
  Sigmund (D:3)
  2 vampire mosquitoes (D:7)
  Menkaure (D:6)
  4 water moccasins
  A necrophage (D:5)
  3 ice beasts
  6 ogres
  2 centaurs (D:7)
  A phantom (D:4)
  2 bullfrogs (D:7)
  2 scorpions
  A wyvern zombie (D:7)
  A wyvern skeleton (D:6)
  A killer bee (D:7)
  A wight (D:7)
  2 howler monkeys (D:7)
  A centaur zombie (D:5)
  3 jellies
  2 orc priests
  Crazy Yiuf (D:3)
  2 centaur skeletons (D:7)
  Jessica (D:2)
  3 iguanas
  2 orc wizards
  A killer bee zombie (D:7)
  2 hound skeletons
  Robin (D:2)
  5 gnolls
  4 adders
  A howler monkey skeleton (D:7)
  A shadow imp (D:7)
  3 white imps
  2 ufetubi
  An adder skeleton (D:4)
  A worm (D:2)
  2 dart slugs (D:4)
  10 orcs
  7 ball pythons
  3 endoplasms
  3 giant cockroaches
  8 goblins
  9 hobgoblins
  3 jackals (D:4)
  5 quokkas
  6 bats
  A frilled lizard (D:1)
  6 kobolds
  7 rats
141 creatures vanquished.

Vanquished Creatures (others)
  3 plants (D:7)
3 creatures vanquished.

Grand Total: 144 creatures vanquished

Notes
Turn   | Place    | Note
-------+----------+-------------------------------------------
     0 | D:1      | LLlMATKO the Minotaur Berserker began the quest for the
                  | Orb.
     0 | D:1      | Reached XP level 1. HP: 19/19 MP: 0/0
   385 | D:1      | Reached XP level 2. HP: 21/27 MP: 1/1
   773 | D:2      | Noticed a scorpion
   779 | D:2      | Killed a scorpion
   780 | D:2      | Reached XP level 3. HP: 18/34 MP: 2/2
   780 | D:2      | Reached XP level 4. HP: 21/41 MP: 3/3
  1027 | D:2      | Noticed Robin
  1037 | D:2      | Noticed Jessica
  1038 | D:2      | Killed Robin
  1044 | D:2      | Killed Jessica
  1044 | D:2      | Reached ** piety under Trog
  1307 | D:2      | Reached XP level 5. HP: 44/47 MP: 4/4
  1438 | D:2      | Found a shimmering blue altar of Sif Muna.
  2031 | D:3      | Reached skill level 5 in Fighting
  2031 | D:3      | Reached skill level 5 in Maces & Flails
  2147 | D:3      | Noticed Sigmund
  2161 | D:3      | Killed Sigmund
  2162 | D:3      | Reached XP level 6. HP: 56/56 MP: 5/5
  2496 | D:3      | Found a runed translucent door.
  2497 | D:3      | Noticed Crazy Yiuf
  2924 | D:3      | Killed Crazy Yiuf
  3204 | D:4      | Identified the +9 mace of Fimbulwinter {flame, rPois}
  3217 | D:4      | Reached skill level 5 in Armour
  3217 | D:4      | Reached XP level 7. HP: 61/62 MP: 6/6
  3282 | D:4      | Reached *** piety under Trog
  3739 | D:5      | Entered Level 5 of the Dungeon
  3739 | D:5      | Found a snail-covered altar of Cheibriados.
  3744 | D:5      | Reached skill level 5 in Dodging
  3908 | D:5      | Found a staircase to the Ecumenical Temple.
  3987 | D:5      | Found a hide-covered altar of Uskayaw.
  4062 | D:5      | Reached XP level 8. HP: 62/71 MP: 7/7
  4672 | D:6      | Found Veol's Antique Armour Boutique.
  4989 | D:6      | Noticed a gargoyle
  4998 | D:6      | Killed a gargoyle
  5348 | D:6      | Noticed Menkaure
  5363 | D:6      | Killed Menkaure
  5752 | D:7      | Reached XP level 9. HP: 77/81 MP: 8/8
  5973 | D:7      | Found a shimmering blue altar of Sif Muna.
  5977 | D:7      | Found a radiant altar of Vehumet.
  5977 | D:7      | Found a hazy altar of Hepliaklqana.
  5983 | D:7      | Found a shimmering altar of Xom.
  6142 | D:7      | Found an opulent altar of Gozag.
  6214 | D:7      | Found an iron altar of Okawaru.
  6818 | D:7      | Noticed a centaur warrior
  6819 | D:7      | Noticed a tengu warrior
  6831 | D:7      | Killed a tengu warrior
  6836 | D:7      | Killed a centaur warrior
  6837 | D:7      | Reached XP level 10. HP: 65/91 MP: 9/9
  6840 | D:7      | Reached **** piety under Trog
  6859 | D:7      | HP: 1/92 [steam dragon] (14)]
  6861 | D:7      | Engulfed by a steam dragon's steam

Illustrated notes

Levels and vault maps discovered:
D:1:      matt_arrival_refuge, layout_basic
D:2:      cheibrodos_old_hovel, layout_loops_cross, basic_altar,
          minmay_distorted, uniq_robin, uniq_jessica
D:3:      layout_loops_ring, uniq_crazy_yiuf_cottage, uniq_sigmund
D:4:      layout_cave_pools
D:5:      layout_loops_cross, kennysheep_little_box, general_overflow_altar,
          temple_green, grunt_ministairs_2
D:6:      layout_basic, serial_shops, nicolae_shop_statue_plus, uniq_menkaure
D:7:      nzn_winding_woodlands_three_and_one
          [nzn_winding_woodlands_5x15_longhouse,
          nzn_winding_woodlands_5x15_concentric,
          nzn_winding_woodlands_5x15_twine,
          nzn_winding_woodlands_center_pierced_h], layout_basic,
          mainiacjoe_overflow_24_doors, mainiacjoe_overflow_cross_hatched,
          grunt_temple_overflow_open

Skill      XL: |  1  2  3  4  5  6  7  8  9 |
---------------+----------------------------+-----
Fighting       | 4 5 6 8 9 |  9.7
Maces & Flails | 4 5 6 7 9 |  9.7
Armour         | 3 4 5 6 7 9 |  9.4
Dodging        | 3 4 5 6 8 |  8.6

Action                   |  1- 3 |  4- 6 |  7- 9 | 10-12 || total
-------------------------+-------+-------+-------+-------++-------
Melee: Mace              |    29 |    93 |   152 |    23 ||   297
       Headbutt          |     7 |    18 |    25 |     2 ||    52
       Flail             |       |    10 |       |       ||    10
Invok: Berserk           |       |     5 |     3 |       ||     8
Armor: Animal skin       |     6 |     1 |       |       ||     7
       Scale mail        |       |    22 |    59 |    10 ||    91
Dodge: Dodged            |    20 |    56 |   106 |    18 ||   200
